 Dungeon Crawl Stone Soup version 0.31-a0-1522-g43313d8a59 (webtiles) character file.

Game seed: 17083522759774892831

61 hikkokomori the Conjurer (level 3, 0/20 HPs)
             Began as a Deep Elf Conjurer on Dec 30, 2023.
             Slain by a hobgoblin (1 damage)
             ... led by Robin
             ... on level 3 of the Dungeon.
             The game lasted 00:03:30 (1889 turns).

hikkokomori the Conjurer (Deep Elf Conjurer)        Turns: 1889, Time: 00:03:30

Health: 0/20       AC:  4    Str:  4    XL:     3   Next: 83%
Magic:  2/10       EV: 12    Int: 24    God:
Gold:   116        SH:  0    Dex: 13    Spells: 4/9 levels left

rFire   . . .        m - +2 dagger (drain)
rCold   . . .        (no shield)
rNeg    . . .        a - +0 robe
rPois   .            (no helmet)
rElec   .            (no cloak)
rCorr   .            c - +0 pair of gloves
SInv    .            k - +0 pair of boots
Will    .....        (no amulet)
Stlth   ++           (no ring)
HPRegen 0.23/turn    (no ring)
MPRegen 0.12/turn

%: no passive effects
@: no status effects
A: no striking features
a: no special abilities


You were on level 3 of the Dungeon.
You visited 1 branch of the dungeon, and saw 3 of its levels.

You collected 116 gold pieces.

Inventory:

Hand Weapons
 l - a +0 antimagic lajatang
 m - a +2 dagger of draining (weapon)
Armour
 a - a +0 robe (worn)
 c - a +0 pair of gloves (worn)
 k - a +0 pair of boots (worn)
Scrolls
 g - 2 scrolls of identify {unknown}
 i - a scroll of blinking {unknown}
 j - a scroll of enchant armour {unknown}
Potions
 b - a potion of magic
 d - 2 potions of degeneration {unknown}
 e - 2 potions of curing
 f - a potion of haste {unknown}
 h - a potion of heal wounds {unknown}


   Skills:
 + Level 1.1 Fighting
 - Level 2.4 Dodging
 + Level 3.3 Stealth
 + Level 3.8 Spellcasting
 + Level 4.8 Conjurations
 + Level 0.7 Translocations


You had 4 spell levels left.
You knew the following spells:

 Your Spells              Type           Power      Damage    Failure   Level
a - Magic Dart            Conj           100%       1d8       1%          1
b - Searing Ray           Conj           54%        2d6       1%          2
c - Blink                 Tloc           16%        N/A       11%         2

Your spell library contained the following spells:

 Spells                   Type           Power      Damage    Failure   Level
 Call Imp                 Summ           8%         N/A       16%         2
 Iskenderun's Mystic Bla  Conj/Tloc      18%        2d6       30%         4
 Fulminant Prism          Conj/Alch      8%         3d7       36%         4


Dungeon Overview and Level Annotations

Branches:
Dungeon (3/15)

Altars:
Sif Muna

Annotations:
D:3 Robin


Message History

The searing ray hits Robin!
Robin is heavily wounded.
The searing ray hits the hobgoblin.
You kill the hobgoblin! (Press . to maintain the ray.) Robin hits you from afar with a +0 trident!
Unknown command.
Unknown command.
Robin attacks as they pursue you!
Robin hits you from afar with a +0 trident.
* * * LOW HITPOINT WARNING * * *
You have nothing you can fire or use right now.
You aren't carrying any items that you can evoke.
It was a potion of curing.
You feel better. Robin hits you but does no damage.
Okay, then.
Robin barely misses you.
You barely miss Robin.
Robin is heavily wounded.
Robin barely misses you.
Unknown command.
You closely miss Robin.
Robin is heavily wounded.
The hobgoblin hits you. Robin throws the goblin at you!
The goblin shouts!
Unknown command.
You completely miss Robin.
Robin is heavily wounded.
The hobgoblin closely misses you. The goblin closely misses you.
Unknown command.
The hobgoblin hits you.
* * * LOW HITPOINT WARNING * * *
The hobgoblin barely misses you. Robin throws the goblin at you!
You hit the goblin.
You kill the goblin!
The hobgoblin no longer looks unusually strong. x2
The hobgoblin closely misses you. The hobgoblin hits you.
* * * LOW HITPOINT WARNING * * *
Robin hits you but does no damage. The hobgoblin hits you.
You die...

##...## #g⌠ ##.##
.gg# #.# #g'# #.#
##..g# #.# #..g.g#
#.## .......##
#.g#####
........####g.....#
.......))††@g...#.#
........####)..#..#
.......## ##.##.##
#!....# ####.#
##...# #.# ##+# #.#
#.# # #.##.# #.#
#.##.##.####### #.#


You could see Robin and 2 hobgoblins.

Vanquished Creatures
  2 dart slugs
  An orc (D:3)
  3 ball pythons
  7 endoplasms
  A giant cockroach (D:1)
  9 goblins
  10 hobgoblins
  4 jackals (D:3)
  2 bats
  5 frilled lizards
  5 rats
49 creatures vanquished.

Notes
Turn   | Place    | Note
-------+----------+-------------------------------------------
     0 | D:1      | hikkokomori the Deep Elf Conjurer began the quest for the
                  | Orb.
     0 | D:1      | Reached XP level 1. HP: 10/10 MP: 6/6
   299 | D:1      | Reached XP level 2. HP: 16/16 MP: 2/8
   370 | D:1      | Found a faded altar of an unknown god.
   970 | D:1      | Reached XP level 3. HP: 20/20 MP: 8/10
  1177 | D:2      | Learned a level 2 spell: Searing Ray
  1180 | D:2      | Learned a level 2 spell: Blink
  1189 | D:2      | Found a shimmering blue altar of Sif Muna.
  1279 | D:2      | You fall into a shaft and drop 1 floor!
  1284 | D:3      | Reached skill level 1 in Fighting
  1871 | D:3      | Noticed Robin
  1888 | D:3      | HP: 1/20 [hobgoblin[Robin] (2)]
  1889 | D:3      | Slain by a hobgoblin

Illustrated notes

Levels and vault maps discovered:
D:1:      dpeg_arrival_orchard, layout_basic,
          shapermc_ecumenical_altar_flowoftime
D:2:      minmay_chambers_of_twos, layout_loops_ring, basic_altar
D:3:      minmay_wonky_spiral, layout_loops_corners,
          grunt_temple_overflow_magic_moments, uniq_robin

Skill      XL: |  1  2  3 |
---------------+----------+-----
Stealth        | 3 |  3.3
Fighting       | 1 |  1.1
Dodging        | |  2.4
Spellcasting   | |  3.8
Conjurations   | |  4.8
Translocations | |  0.7

Action                     || total
---------------------------++-------
  Melee: Dagger            ||     5
   Cast: Magic Dart        ||    83
         Searing Ray       ||     3
    Use: Potion            ||     1
 Armour: Robe              ||    18
  Dodge: Dodged            ||    11

Table legend: (Time is in decaauts)
 A = Elapsed time spent in this place.
 B = Non-inter-level travel time spent in this place.
 C = Inter-level travel time spent in this place.
 D = Time resting spent in this place.
 E = Time spent auto-exploring this place.
 F = Levels seen in this place.
 G = Mean time per level.
                   A        B        C        D        E       F      G
               +--------+--------+--------+--------+--------+-----+--------+
         Total |   1887 |   1806 |     81 |      0 |   1609 |   3 |  629.0 |
       Dungeon |   1887 |   1806 |     81 |      0 |   1609 |   3 |  629.0 |
               +--------+--------+--------+--------+--------+-----+--------+

Top non-repeatable levels by time:
     D:1: 1063 daAuts
     D:3: 609 daAuts
     D:2: 215 daAuts
